 Dungeon Crawl Stone Soup version 0.27-a0-1147-gb3d8e82157 (webtiles) character file.

Game seed: 11048254914785246758

87 Anaetherus the Cutter (level 4, 40/40 HPs)
             Began as a Draconian Berserker on May 12, 2021.
             Was a Believer of Trog.
             Quit the game on level 2 of the Dungeon on July 16, 2022.
             The game lasted 00:03:32 (1327 turns).

Anaetherus the Cutter (Draconian Berserker)         Turns: 1327, Time: 00:03:32

Health: 40/40      AC:  5    Str: 20    XL:     4   Next: 28%
Magic:  4/4        EV: 12    Int:  7    God:    Trog [**....]
Gold:   69         SH:  0    Dex: 11    Spells: 3/3 levels left

rFire    . . .     SeeInvis .   a - +0 short sword
rCold    . . .     Faith    .   (no shield)
rNeg     . . .     Spirit   .   (armour unavailable)
rPois    .         Reflect  .   (helmet restricted)
rElec    .         Harm     .   (no cloak)
rCorr    .         Rampage  .   (no gloves)
Will     .....                  (no boots)
Stlth    +.........             (no amulet)
HPRegen  0.13/turn              (no ring)
MPRegen  0.09/turn              (no ring)

@: no status effects
A: AC +5, unfitting armour, cold-blooded
a: Renounce Religion, Berserk, Trog's Hand


You were on level 2 of the Dungeon.
You worshipped Trog.
Trog was pleased with you.
You visited 1 branch of the dungeon, and saw 2 of its levels.

You collected 69 gold pieces.

Inventory:

Hand Weapons
 a - a +0 short sword (weapon)
Scrolls
 b - 2 scrolls of teleportation {unknown}
 d - a scroll of enchant weapon {unknown}
 e - a scroll of vulnerability {unknown}
 g - a scroll of immolation {unknown}
Potions
 c - 2 potions of degeneration {unknown}
 f - a potion of might {unknown}


   Skills:
 + Level 3.8 Fighting
 + Level 4.0 Short Blades
 + Level 3.4 Dodging
 + Level 0.6 Stealth


You had 3 spell levels left.
You didn't know any spells.
Your spell library was empty.

Dungeon Overview and Level Annotations

Branches:
Dungeon (2/15)

Altars:


Innate Abilities, Weirdness & Mutations

Your plain brown scales are hard. (AC +5)
You cannot fit into any form of body armour.
You are cold-blooded and may be slowed by cold attacks.


Message History

a +3 dagger of speed; a hound corpse You feel your anger nearly subside.
You are no longer berserk.
You are exhausted.
You feel yourself slow down.
Found 16 gold pieces.
Found 23 poisoned darts.
There is a stone staircase leading down here.
You're still recovering from your berserk rage.
A kobold comes into view. It is wielding a +0 club.
The kobold shouts!
You see here 16 gold pieces.
You barely miss the kobold. You tail-slap the kobold.
You kill the kobold!
Trog accepts your kill.
You see here a +0 club.
No target in view!
You start resting.
You feel yourself speed up.
You see here a +0 club.
You recover from your berserk rage.
HP restored.
You now have 69 gold pieces (gained 16).
You see here a +0 club.
You see here 23 poisoned darts.
Found an escape hatch in the floor.
No target in view!
g - a scroll labelled OCHOEHE VAEROM A hobgoblin comes into view.
The hobgoblin shouts!
The hobgoblin moves out of view.
Found 28 gold pieces.
A giant cockroach comes into view.
Found 11 gold pieces.
A giant cockroach is nearby!
Welcome back, Anaetherus the Draconian Berserker.
Trog says: Kill them all!
Press ? for a list of commands and other information.
Unknown command.
Okay, then.
Are you sure you want to abandon this character and quit the game? (Confirm with "yes".)

..#
#............†'.....+......+.
..#
#.#####....####.....#......##
..#
#.##..........########.....#
..# #.##....†.....# #######
..###.##..).......#
..+..>.+..........#
..###.##..........#
....#.##..........##
....#.##........@..#
....#.).†)....##........
....####......##........
....####......##......##
..............##$.####.$
######........##... .B##
#........#..... ...
##########.$... ..


You could see a giant cockroach (wandering).

Vanquished Creatures
  A hound (D:2)
  An adder (D:2)
  A worm (D:2)
  2 dart slugs (D:1)
  5 ball pythons
  7 endoplasms
  A giant cockroach (D:1)
  6 goblins
  2 hobgoblins (D:1)
  A jackal (D:1)
  8 frilled lizards
  4 kobolds
  A rat (D:2)
40 creatures vanquished.

Vanquished Creatures (others)
  A plant (D:1)
1 creature vanquished.

Grand Total: 41 creatures vanquished

Notes
Turn   | Place    | Note
-------+----------+-------------------------------------------
     0 | D:1      | Anaetherus the Draconian Berserker began the quest for the
                  | Orb.
     0 | D:1      | Reached XP level 1. HP: 19/19 MP: 1/1
   172 | D:1      | Reached XP level 2. HP: 19/26 MP: 2/2
   537 | D:1      | Reached XP level 3. HP: 33/33 MP: 3/3
  1187 | D:2      | Reached ** piety under Trog
  1207 | D:2      | Reached skill level 4 in Short Blades
  1207 | D:2      | Reached XP level 4. HP: 27/40 MP: 4/4
  1327 | D:2      | Quit the game

Illustrated notes

Levels and vault maps discovered:
D:1:      ebering_hopf_link, layout_basic, serial_bayou_pond_b,
          kennysheep_small_spiral, amethyst_killhole
D:2:      layout_basic, minmay_puff

Skill      XL: |  1  2  3 |
---------------+----------+-----
Dodging        | 3 |  3.4
Short Blades   | 4 |  4.0
Fighting       | |  3.8
Stealth        | |  0.6

Action                   |  1- 3 |  4- 6 || total
-------------------------+-------+-------++-------
Melee: Short sword       |   100 |     5 ||   105
       Tailslap          |    13 |     1 ||    14
Invok: Berserk           |       |     1 ||     1
 Stab: Sleeping          |     2 |       ||     2
Armor: Skin              |    15 |     1 ||    16
Dodge: Dodged            |    46 |     3 ||    49

Table legend: (Time is in decaauts)
 A = Elapsed time spent in this place.
 B = Non-inter-level travel time spent in this place.
 C = Inter-level travel time spent in this place.
 D = Time resting spent in this place.
 E = Time spent auto-exploring this place.
 F = Levels seen in this place.
 G = Mean time per level.
                   A        B        C        D        E       F      G
               +--------+--------+--------+--------+--------+-----+--------+
         Total |   1336 |   1306 |     30 |     50 |    996 |   2 |  668.0 |
       Dungeon |   1336 |   1306 |     30 |     50 |    996 |   2 |  668.0 |
               +--------+--------+--------+--------+--------+-----+--------+

Top non-repeatable levels by time:
     D:1: 950 daAuts
     D:2: 386 daAuts
